 Dungeon Crawl Stone Soup version 0.30-a0-279-g4b46babb21 (webtiles) character file.

Game seed: 522007712675054469

2 Lanoc the Chopper (level 1, 0/20 HPs)
             Began as a Hill Orc Chaos Knight on Oct 16, 2022.
             Was a Plaything of Xom.
             Slain by Natasha (4 damage)
             ... on level 2 of the Dungeon.
             The game lasted 00:00:17 (71 turns).

Lanoc the Chopper (Hill Orc Chaos Knight)             Turns: 71, Time: 00:00:18

Health: 0/20       AC:  5    Str: 14    XL:     1   Next: 30%
Magic:  1/1        EV: 11    Int: 12    God:    Xom [....*.]
Gold:   0          SH:  0    Dex: 10    Spells: 0/0 levels left

rFire   . . .      SeeInvis .    a - +0 hand axe (chaos)
rCold   . . .      Faith    .    (no shield)
rNeg    . . .      Spirit   .    b - +2 leather armour
rPois   .          Reflect  .    (no helmet)
rElec   .          Harm     .    (no cloak)
rCorr   .          Rampage  .    (no gloves)
Will    .....                    (no boots)
Stlth   +.........               (no amulet)
HPRegen 0.23/turn                (no ring)
MPRegen 0.07/turn                (no ring)

@: no status effects
A: no striking features
a: Renounce Religion


You were on level 2 of the Dungeon.
You worshipped Xom.
You were a beloved toy of Xom.
You visited 1 branch of the dungeon, and saw 2 of its levels.

Inventory:

Hand Weapons
 a - a +0 hand axe of chaos (weapon)
Armour
 b - a +2 leather armour (worn)
Miscellaneous
 c - a piece from Xom's chessboard (15/15) (quivered)


   Skills:
 + Level 3.6 Fighting
 * Level 4.0 Axes
 + Level 2.2 Armour
 + Level 0.8 Dodging


You couldn't memorise any spells.
You didn't know any spells.
Your spell library was empty.

Dungeon Overview and Level Annotations

Branches:
Dungeon (2/15)

Altars:

Shops:
D:2 (

Annotations:
D:2 Natasha


Message History

No target in view!
You closely miss the ball python. The ball python barely misses you.
The ball python closely misses you.
You closely miss the ball python. The ball python barely misses you.
The ball python grabs you. The ball python constricts you.
You barely miss the ball python.
The ball python bites you but does no damage.
The ball python constricts you.
The ball python bites you but does no damage.
The ball python constricts you.
You closely miss the ball python. The ball python closely misses you.
The ball python constricts you.
You hit the ball python.
You kill the ball python!
No target in view!
HP restored.
Found 7 stones.
Found Ibruokk's Weapon Boutique.
Natasha and a giant cockroach come into view.
Natasha hisses angrily.
Natasha mumbles some strange words.
The giant cockroach bites you but does no damage.
You hit the giant cockroach.
The giant cockroach resists with significant effort.
The giant cockroach is heavily wounded.
The giant cockroach closely misses you.
You hit the giant cockroach.
You kill the giant cockroach!
Natasha casts a spell at you. The magic dart hits you.
You are now a beloved toy of Xom.
Natasha claws you!
The crimson imp blinks!
You are too injured to fight recklessly!
You hit Natasha. You freeze Natasha.
Natasha is lightly wounded.
Natasha claws you.
* * * LOW HITPOINT WARNING * * *
Natasha claws you.
You die...
Xom titters!

##.#..#.....# #
#.#...........#
#.
#.#..#..#.###.#
#.##.####.##.#
##.......#....#
........†..####
.........#
######..##..#
........h@..#
#######(###.#
#.# #+# #.. #B.
.h5. ∩... .#..#


You could see Natasha.

Vanquished Creatures
  A giant cockroach (D:2)
  A ball python (D:2)
2 creatures vanquished.

Notes
Turn   | Place    | Note
-------+----------+-------------------------------------------
     0 | D:1      | Lanoc the Hill Orc Chaos Knight began the quest for the
                  | Orb.
     0 | D:1      | Reached XP level 1. HP: 19/19 MP: 1/1
    38 | D:1      | You fall into a shaft and drop 1 floor!
    60 | D:2      | Found Ibruokk's Weapon Boutique.
    61 | D:2      | Noticed Natasha
    62 | D:2      | Noticed a crimson imp
    71 | D:2      | Slain by Natasha

Illustrated notes

Levels and vault maps discovered:
D:1:      minmay_arrival_split_and_join, layout_loops_ring
D:2:      layout_basic, serial_shops, shop, basic_altar,
          ebering_ecumenical_altar_abandoned,
          nicolae_concentric_dashed_squares_wild, uniq_natasha, uniq_jessica

Action                   || total
-------------------------++-------
Melee: Hand axe          ||     8
Armor: Leather armour    ||     3
Dodge: Dodged            ||     5

Table legend: (Time is in decaauts)
 A = Elapsed time spent in this place.
 B = Non-inter-level travel time spent in this place.
 C = Inter-level travel time spent in this place.
 D = Time resting spent in this place.
 E = Time spent auto-exploring this place.
 F = Levels seen in this place.
 G = Mean time per level.
                   A        B        C        D        E       F      G
               +--------+--------+--------+--------+--------+-----+--------+
         Total |     71 |     71 |      0 |      0 |     49 |   2 |   35.5 |
       Dungeon |     71 |     71 |      0 |      0 |     49 |   2 |   35.5 |
               +--------+--------+--------+--------+--------+-----+--------+

Top non-repeatable levels by time:
     D:1: 38 daAuts
     D:2: 33 daAuts
